 Dungeon Crawl Stone Soup version 0.25-a0-166-g16436c4407 (webtiles) character file.

Game seed: 10165108753893861063, levelgen mode: deterministic

1243 MrRokkomies the Ruffian (level 8, 0/72 (74) HPs)
             Began as a Ghoul Monk on Nov 24, 2019.
             Slain by a sky beast (6 damage)
             ... on level 5 of the Dungeon.
             The game lasted 00:12:52 (4021 turns).

MrRokkomies the Ruffian (Ghoul Monk)                Turns: 4021, Time: 00:12:53

HP:   0/72 (74)     AC:  6    Str: 17      XL:     8   Next: 50%
MP:   7/7           EV:  6    Int:  2 (5)  God:
Gold: 298           SH:  0    Dex: 10 (11) Spells: 7/7 levels left

rFire    . . .     SeeInvis .     - Unarmed
rCold    + . .     Gourm    .   (no shield)
rNeg     + + +     Faith    .   m - +0 plate armour
rPois    ∞         Spirit   .   (no helmet)
rElec    .         Reflect  .   y - +0 cloak
rCorr    .         Harm     .   (no gloves)
MR       .....                  (no boots)
Stlth    ..........             (no amulet)
HPRegen  0.00/turn              c - +2 ring of protection
MPRegen  0.10/turn              (no ring)

@: corroded, rotting
A: rotting body, claws 1, carnivore, cold resistance 1, negative energy
resistance 3, inhibited regeneration, torment resistance, unbreathing
a: no special abilities


You were on level 5 of the Dungeon.
You were not hungry.

You visited 1 branch of the dungeon, and saw 5 of its levels.

You collected 298 gold pieces.

Inventory:

Missiles
 d - 140 stones (quivered)
 g - 5 javelins
 n - 11 poisoned darts
 s - 6 boomerangs
Armour
 a - a +0 robe
 m - a +0 plate armour (worn)
 y - a +0 cloak (worn)
Jewellery
 c - a +2 ring of protection (left claw)
 p - an uncursed amulet of harm
 w - an uncursed ring of ice
Wands
 u - a wand of disintegration (11)
 x - a wand of random effects (17)
Scrolls
 e - 2 scrolls of amnesia
 i - 2 scrolls of teleportation
 k - 2 scrolls of remove curse
 o - 2 scrolls of identify
 r - a scroll of magic mapping
Potions
 h - 3 potions of brilliance
 l - 2 potions of flight
 v - a potion of magic
Comestibles
 b - 12 rations


   Skills:
 * Level 7.6 Fighting
 + Level 3.5 Armour
 - Level 3.0 Dodging
 - Level 2.1 Stealth
 * Level 7.6 Unarmed Combat


You had 7 spell levels left.
You didn't know any spells.
Your spell library contained the following spells:

 Spells                   Type           Power        Failure   Level  Hunger
 Animate Skeleton         Necr           N/A          100%        1    ##.....
 Pain                     Necr           #...         100%        1    ##.....
 Sticks to Snakes         Tmut           #.......     100%        2    ###....
 Regeneration             Chrm/Necr      #.........   100%        3    ####...
 Vampiric Draining        Necr           #.........   100%        3    ####...
 Animate Dead             Necr           N/A          100%        4    #####..
 Beastly Appendage        Tmut           Unusable     N/A         1    N/A
 Spider Form              Tmut/Pois      Unusable     N/A         3    N/A
 Ice Form                 Ice/Tmut       Unusable     N/A         4    N/A
 Blade Hands              Tmut           Unusable     N/A         5    N/A

Dungeon Overview and Level Annotations

Branches:
Dungeon (5/15)
 Temple: D:4-7

Altars:
Ashenzari
Fedhas
Makhleb
Qazlal
Xom

Annotations:
D:5 1 transporter


Innate Abilities, Weirdness & Mutations

Your body is rotting away.
You thrive on raw meat.
You are immune to poison.
You have sharp fingernails.
You are carnivorous and can eat meat at any time.
Your flesh is cold resistant. (rC+)
You are immune to negative energy. (rN+++)
You do not regenerate when monsters are visible.
You are immune to unholy pain and torment.
You can survive without breathing.


Message History

The sky beast is heavily wounded.
The sky beast hits you. The sky beast shocks you.
* * * LOW HITPOINT WARNING * * *
You completely miss the sky beast.
The sky beast is heavily wounded.
The sky beast hits you but does no damage.
You scratch the sky beast but do no damage.
The sky beast is heavily wounded.
You scratch the sky beast.
The sky beast is severely wounded.
The sky beast hits you.
* * * LOW HITPOINT WARNING * * *
The sky beast shocks you.
* * * LOW HITPOINT WARNING * * *
You miss the sky beast.
The sky beast is severely wounded.
The sky beast hits you.
* * * LOW HITPOINT WARNING * * *
The sky beast shocks you.
You die...

#...........#########..#....#
#..........##JJ.....##.#....#
#..........#8.##.##.8#.#....#
#..........#$[##.##..#.#....#
#...#####..#.).......#......#
#...#.....©#_$....©..#©..####
#...'......#)?.......#..##
#...#......#$(##Y##..#.##
#...#......#8$##@##.8#.#
#####......##...©...##.# #
#.......#########..# #
#..................###### #
#..[.[..#...#......#....# #
#...[...#...#......#....#
#####.......#...#......#....#
....>.......#...#......#....#
............#...#......#....#


You could see a sky beast.

Vanquished Creatures
  Sigmund (D:2)
  An ice beast (D:5)
  An ogre (D:5)
  A scorpion (D:5)
  A crimson imp (D:5)
  2 hounds (D:5)
  3 jellies (D:5)
  3 orc priests
  10 orc wizards
  Crazy Yiuf (D:4)
  A worker ant (D:5)
  A hound skeleton (D:3)
  10 adders
  3 gnolls (D:4)
  A howler monkey skeleton (D:5)
  A shadow imp (D:5)
  An ooze (D:1)
  3 worms
  A dart slug (D:1)
  5 leopard geckos
  20 orcs
  4 bats
  5 giant cockroaches
  8 goblins
  8 hobgoblins
  8 jackals
  7 kobolds
  A quokka (D:5)
  2 ball pythons
  7 frilled lizards
  A jackal skeleton (D:4)
  A jackal zombie (D:5)
  8 rats
131 creatures vanquished.

Notes
Turn   | Place    | Note
-------+----------+-------------------------------------------
     0 | D:1      | MrRokkomies the Ghoul Monk began the quest for the Orb.
     0 | D:1      | Reached XP level 1. HP: 19/19 MP: 0/0
    60 | D:1      | Reached XP level 2. HP: 19/26 MP: 1/1
   462 | D:1      | Reached XP level 3. HP: 21/33 MP: 2/2
   930 | D:2      | Reached XP level 4. HP: 34/40 MP: 3/3
  1053 | D:2      | Found a shattered altar of Ashenzari.
  1092 | D:2      | Noticed Sigmund
  1122 | D:2      | Killed Sigmund
  1122 | D:2      | Reached skill level 5 in Fighting
  1122 | D:2      | Reached skill level 1 in Armour
  1122 | D:2      | Reached skill level 5 in Unarmed Combat
  1122 | D:2      | Reached XP level 5. HP: 42/48 MP: 4/4
  1122 | D:2      | Reached XP level 6. HP: 49/56 MP: 5/5
  2273 | D:4      | Reached XP level 7. HP: 35/62 MP: 6/6
  2794 | D:4      | Found a runed translucent door.
  2797 | D:4      | Noticed Crazy Yiuf
  2802 | D:4      | Killed Crazy Yiuf
  2940 | D:5      | Entered Level 5 of the Dungeon
  3175 | D:5      | Reached XP level 8. HP: 55/71 MP: 7/7
  3446 | D:5      | Found a blossoming altar of Fedhas.
  3449 | D:5      | Found a stormy altar of Qazlal.
  3504 | D:5      | Found a burning altar of Makhleb.
  3505 | D:5      | Found a transporter.
  3515 | D:5      | Found a transporter.
  3582 | D:5      | Found a shimmering altar of Xom.
  4021 | D:5      | Slain by a sky beast

Levels and vault maps discovered:
D:1:      psy_arrival_statuary, layout_rooms
D:2:      layout_rooms, ashenzari_conservatory_becter, uniq_sigmund
D:3:      layout_loops_corners
D:4:      layout_basic, uniq_crazy_yiuf_cottage
D:5:      layout_gridville, grunt_temple_overflow_forces_of_nature,
          xom_teletrap_fun, gammafunk_temple_overflow_arena, first_ration,
          minmay_a_box_with_orc_wizards_in_it

Skill      XL: |  1  2  3  4  5  6  7  8 |
---------------+-------------------------+-----
Dodging        | 3 |  3.0
Fighting       | 4 5 6 7 |  7.6
Unarmed Combat | 4 5 7 |  7.6
Armour         | 1 2 3 |  3.5
Stealth        | |  2.1

Action                   |  1- 3 |  4- 6 |  7- 9 || total
-------------------------+-------+-------+-------++-------
Melee: Unarmed           |    99 |   150 |   213 ||   462
       Punch             |       |       |     2 ||     2
Throw: Stone             |       |     6 |       ||     6
  Use: Potion            |       |     1 |     4 ||     5
       Scroll            |       |     6 |     3 ||     9
 Stab: Sleeping          |     1 |       |       ||     1
  Eat: Chunk             |     6 |     3 |    10 ||    19
Armor: Robe              |     8 |       |       ||     8
       Plate armour      |    26 |    72 |   141 ||   239
Dodge: Dodged            |    39 |    36 |    33 ||   108

Table legend:
 A = Non-vault XP
 B = Vault XP
 C = Vault XP percentage of total XP
 D = Non-vault monster count
 E = Vault monster count
 F = Vault count percentage of total count
                 A         B        C        D         E       F
            +---------+---------+-------+---------+---------+-------
      Total |    1212 |     564 |  31.8 |     120 |      11 |   8.4
            +---------+---------+-------+---------+---------+-------
        D:1 |      47 |       0 |   0.0 |      24 |       0 |   0.0
        D:2 |      89 |     220 |  71.2 |      21 |       1 |   4.5
        D:3 |     173 |       0 |   0.0 |      33 |       0 |   0.0
        D:4 |     305 |      39 |  11.3 |      22 |       1 |   4.3
        D:5 |     598 |     305 |  33.8 |      20 |       9 |  31.0
            +---------+---------+-------+---------+---------+-------
